[Event "*** MasterClass Titled Tuesday Blitz"]
[Site "Chess.com"]
[Date "2017.12.12"]
[Round "3"]
[White "GMAkobianSTL"]
[Black "ST-Sandavagur"]
[Result "1-0"]
[WhiteElo "2664"]
[BlackElo "2497"]
[TimeControl "180+2"]
[EndTime "13:35:50 PST"]
[Termination "GMAkobianSTL won by resignation"]

1. d4 Nf6 2. c4 g6 3. Nc3 Bg7 4. Nf3 O-O 5. Bg5 d6 6. e3 Nbd7 7. Be2 h6 8. Bh4 c6 9. Qc2 Qc7 10. O-O e5 11. Rfd1 Re8 12. Rac1 a5 13. a3 Nf8 14. dxe5 dxe5 15. b4 axb4 16. axb4 Bf5 17. Qb3 Ne4 18. Nxe4 Bxe4 19. Nd2 Bf5 20. c5 Be6 21. Bc4 b5 22. Bxe6 Nxe6 23. Ne4 f5 24. Nd6 g5 25. Bg3 f4 26. Nxe8 Rxe8 27. Rd6 Qf7 28.
Rxc6 fxg3 29. hxg3 e4 30. Rd1 Nd8 31. Qxf7+ Nxf7 32. Rb6 Ne5 33. Rxb5 Nd3 34. Rb7 Bc3 35. c6 Rc8 36. b5 Be1 37. Kf1 Ba5 38. Ra1 Bc3 39.
Ra3 Be5 40. f4 Bd6 41. Ra2 Kf8 42. Rba7 Nb4 43. Ra8 Rxa8 44. Rxa8+ Ke7 45. Rh8 Bc7 46.
Rxh6 gxf4 47. gxf4 Nc2 48. Rh7+ Kd8 49. Ke2 Na3 50.
Rd7+ Kc8 51. Rd5 Kb8 52. g4 Ka7 53. g5 Kb6 54. g6 Nxb5 55. Rxb5+ Kxb5 56. g7 1-0

[Event "*** MasterClass Titled Tuesday Blitz"]
[Site "Chess.com"]
[Date "2017.12.12"]
[Round "3"]
[White "SharkAnto55"]
[Black "GMMarcinDziuba"]
[Result "0-1"]
[WhiteElo "2359"]
[BlackElo "2528"]
[TimeControl "180+2"]
[EndTime "13:35:50 PST"]
[Termination "GMMarcinDziuba won by resignation"]

1. d4 d5 2. c4 e6 3. Nf3 Nf6 4. g3 Bb4+ 5. Bd2 Be7 6. Bg2 Nbd7 7. O-O c6 8. Qc2 O-O 9. Bf4 b6 10. cxd5 cxd5 11. Bc7 Qe8 12. Rc1 Bb7 13. Nbd2 Rc8 14. Qd3 Nb8 15. e3 Na6 16. Bf4 Qa4 17. Qb3 Qxb3 18. Nxb3 Nb4 19. a3 Nd3 20. Rcb1 Ne4 21. Nbd2 Ndxf2 22. Nxe4 Nxe4 23. h4 h6 24. h5 Rc2 25.
Ne1 Rc6 26. Rc1 Rfc8 27. Nd3 Ba6 28. Rxc6 Rxc6 29. Nb4 Bxb4 30. axb4 Be2 31. Rxa7 Bxh5 32. Rb7 Bg6 33. Bc7 Rc1+ 34. Kh2 Nf2 35. Bf3 Be4 36. Bxe4 dxe4 37. Bxb6 Ng4+ 38. Kh3 Nxe3 39. g4 Nd5 40. Bc5 e3 41. b5 e2 42. Rb8+ Kh7 43. Rh8+ Kxh8 0-1

[Event "*** MasterClass Titled Tuesday Blitz"]
[Site "Chess.com"]
[Date "2017.12.12"]
[Round "3"]
[White "Arm-Akiba"]
[Black "GMHess"]
[Result "1-0"]
[WhiteElo "2695"]
[BlackElo "2580"]
[TimeControl "180+2"]
[EndTime "13:35:57 PST"]
[Termination "Arm-Akiba won by resignation"]

1. d4 d6 2. Nf3 Nf6 3. g3 g6 4. Bg2 Bg7 5. O-O O-O 6. b3 Nc6 7. Bb2 e5 8. dxe5 Ng4 9. Qd2 dxe5 10. h3 Nh6 11. Qc1 e4 12. Bxg7 Kxg7 13. Qb2+ Qf6 14. Qxf6+ Kxf6 15. Nfd2 e3 16. fxe3+ Kg7 17. Nc3 Nb4 18.
Rac1 Nf5 19. a3 Rd8 20. Nc4 Na6 21. g4 Nh4 22. Bh1 f5 23. g5 h6 24. gxh6+ Kxh6 25. e4 c6 26. Ne5 Re8 27. Nf7+ Kg7 28. Nd6 Rd8 29. e5 Nc7 30. Rcd1 Rh8 31. e4 Rb8 32.
Nxc8 Rbxc8 33. Rd7+ Kh6 34. exf5 Nxf5 35. Ne4 Rh7 36.
Rfd1 Nd5 37. Rxh7+ Kxh7 38. Nd6 Nxd6 39. exd6 Nf4 40.
Re1 Rd8 41. Re7+ Kh6 42. d7 g5 43. Be4 g4 44. h4 Ne2+ 45. Kf2 1-0

[Event "*** MasterClass Titled Tuesday Blitz"]
[Site "Chess.com"]
[Date "2017.12.12"]
[Round "3"]
[White "TomsKantans"]
[Black "OparinGrigoriy"]
[Result "1-0"]
[WhiteElo "2442"]
[BlackElo "2671"]
[TimeControl "180+2"]
[EndTime "13:35:58 PST"]
[Termination "TomsKantans won by resignation"]

1. e4 c5 2. Nf3 Nc6 3. Bb5 g6 4. c3 Bg7 5. d4 Qb6 6. Bxc6 dxc6 7. h3 Nf6 8. Qe2 O-O 9. O-O Rd8 10. Rd1 Be6 11.
Nbd2 cxd4 12. cxd4 h6 13. Nf1 Rac8 14. Ng3 a6 15.
Be3 Qb5 16. Qc2 Qc4 17. Qd2 Qb5 18. Bxh6 Nh5 19. Nxh5 Qxh5 20. Bxg7 Kxg7 21. Qf4 f6 22. a3 Qb5 23. Rd2 g5 24. Qe3 Bf7 25. Re1 Rc7 26.
e5 Bg6 27. h4 g4 28. Nh2 fxe5 29. Qg5 e4 30. Qxg4 Qf5 31. Qg3 Rcd7 32. Ng4 c5 33.
Ne3 Qh5 34. d5 e6 35. Rc1 b6 36. b4 exd5 37. bxc5 d4 38. c6 Qa5 39. cxd7 Qxd2 40.
Qe5+ Kh7 41. Qe7+ Kh6 42. Qxd8 Qxc1+ 43. Kh2 dxe3 44. Qg5+ Kh7 45. d8=Q 1-0

[Event "*** MasterClass Titled Tuesday Blitz"]
[Site "Chess.com"]
[Date "2017.12.12"]
[Round "3"]
[White "NateSolon"]
[Black "AndreyOstrovskiy"]
[Result "1-0"]
[WhiteElo "2363"]
[BlackElo "2496"]
[TimeControl "180+2"]
[EndTime "13:35:59 PST"]
[Termination "NateSolon won by resignation"]

1. d4 Nf6 2. Nf3 e6 3. Bf4 c5 4. e3 Nc6 5. c3 d5 6. Nbd2 Bd6 7. Bg3 O-O 8. Bb5 Qe7 9. O-O Bd7 10. a4 Bxg3 11.
hxg3 a6 12. Bxc6 Bxc6 13. Ne5 Rfc8 14. Qb3 Be8 15. a5 Rab8 16. Qa3 Rc7 17. Nb3 Ne4 18.
Nxc5 Nxc5 19. dxc5 Qxc5 20. Qxc5 Rxc5 21. Rfd1 Rbc8 22. Rd4 Bb5 23. f3 f6 24. Nd3 Bxd3 25.
Rxd3 Kf7 26. Kf2 R8c7 27. Ra4 Ke7 28. Ke2 h5 29. Rh4 g6 30. g4 hxg4 31. Rxg4 g5 32. Ra4 e5 33. Kd2 Ke6 34. e4 Rd7 35. exd5+ Rdxd5 36. Rxd5 Rxd5+ 37. Ke3 f5 38. Rb4 Rxa5 39. Rxb7 Rb5 40.
Rxb5 axb5 41. g4 fxg4 42. fxg4 Kd5 43. b3 Kc5 44. Ke4 Kd6 45. c4 bxc4 46. bxc4 Ke6 47. c5 Kf6 48. c6 Ke6 49. c7 Kd7 50. Kxe5 Kxc7 51. Kf6 Kd7 52. Kxg5 Ke6 53. Kg6 1-0

[Event "*** MasterClass Titled Tuesday Blitz"]
[Site "Chess.com"]
[Date "2017.12.12"]
[Round "3"]
[White "TST2014"]
[Black "Scott-fox21"]
[Result "1-0"]
[WhiteElo "2266"]
[BlackElo "2142"]
[TimeControl "180+2"]
[EndTime "13:36:00 PST"]
[Termination "TST2014 won by resignation"]

1. d4 d5 2. c4 e6 3. Nf3 c6 4.
e3 Nf6 5. Nc3 a6 6. Qc2 c5 7.
dxc5 Bxc5 8. cxd5 exd5 9. Bd3 Nc6 10. a3 O-O 11. Na4 Ba7 12. O-O Bg4 13. Ng5 h6 14. Nh7 Re8 15. Nc5 Nd7 16. Nxb7 Qc7 17. h3 Be6 18. Na5 Qxa5 19. Qxc6 Ne5 20. Qc2 Nxd3 21. Qxd3 Qb5 22. Qb1 f5 23. Nf6+ gxf6 24. b4 Qd7 25.
Bb2 Qf7 26. g3 Rad8 27. h4 d4 28. exd4 Bxd4 29. a4 Bc4 30. Rd1 Bxb2 31. Qxb2 Rxd1+ 32. Rxd1 Kg7 33. b5 axb5 34. axb5 Qb7 35. b6 Rb8 36. Rd6 Qe7 37. Qd4 Be6 38. Qf4 Rb7 39.
Rc6 Bd7 40. Rc7 Rxc7 41. Qxc7 Qe1+ 42. Kg2 Qe4+ 43. Kh2 Qc6 44. Qd8 Kf7 45. h5 Ke6 46. Qg8+ Kd6 47. Qb3 Kc5 48. b7 Qf3 49. Qxf3 1-0

[Event "*** MasterClass Titled Tuesday Blitz"]
[Site "Chess.com"]
[Date "2017.12.12"]
[Round "3"]
[White "dawtonlms"]
[Black "aa175"]
[Result "1-0"]
[WhiteElo "2259"]
[BlackElo "1890"]
[TimeControl "180+2"]
[EndTime "13:36:03 PST"]
[Termination "dawtonlms won on time"]

1. e4 e5 2. Nf3 Nc6 3. Bb5 Nf6 4. Bxc6 dxc6 5. d3 Bc5 6. Nbd2 O-O 7. Nc4 Nd7 8. Qe2 Re8 9. Bd2 Bd6 10. g4 Nf8 11. h3 b5 12. Ne3 Ne6 13. Nf5 c5 14. g5 Nf4 15. Bxf4 Bxf5 16. Bd2 Bg6 17. Nh4 b4 18.
O-O-O a5 19. Nf5 a4 20. h4 b3 21. cxb3 axb3 22. a3 Qc8 23. Qf3 Qa6 24. Bc3 c4 25. dxc4 Bxa3 26. bxa3 Qxa3+ 27. Bb2 Qa4 28. Qc3 Bh5 29. Rd5 Qc6 30. Re1 Bg6 31. Rxe5 Rxe5 32. Qxe5 Qxc4+ 33. Qc3 Qxc3+ 34. Bxc3 Re8 35. Nxg7 Rb8 36.
Nf5 Rb5 37. Ne7+ Kf8 38. Nd5 Rb8 39. Bb4+ Kg8 40. Nf6+ Kg7 41. Bc3 Ra8 42. Kb2 Rh8 43. Nd7+ Kg8 44. Bxh8 Kxh8 45. Nf6 Kg7 46. h5 Kf8 47. hxg6 hxg6 48. Kxb3 1-0

[Event "*** MasterClass Titled Tuesday Blitz"]
[Site "Chess.com"]
[Date "2017.12.12"]
[Round "3"]
[White "Alliswell998"]
[Black "toad"]
[Result "1-0"]
[WhiteElo "2348"]
[BlackElo "2180"]
[TimeControl "180+2"]
[EndTime "13:36:03 PST"]
[Termination "Alliswell998 won by resignation"]

1. e4 c5 2. Nc3 d6 3. f4 g6 4. Nf3 Bg7 5. Bb5+ Bd7 6. Bxd7+ Qxd7 7. d3 Nc6 8. O-O e6 9. Qe1 Nge7 10. Qh4 O-O 11.
Be3 Nd4 12. Rac1 f5 13. Kh1 e5 14. fxe5 Nxf3 15. Rxf3 Bxe5 16. Rcf1 Rf7 17. Bg5 Raf8 18. Bxe7 Qxe7 19. Qxe7 Rxe7 20. exf5 Rxf5 21. Rxf5 gxf5 22.
Nd5 Rf7 23. c3 Kg7 24. g3 b5 25. Kg2 a5 26. Rf2 a4 27. a3 Kg6 28. Kf3 h5 29. Re2 Rh7 30. h4 Rb7 31. Nf4+ Bxf4 32. Kxf4 Kf6 33. Re8 Rg7 34. Rf8+ Ke6 35. Re8+ Kf6 36.
Rh8 Rg4+ 37. Kf3 Kg6 38. Rd8 f4 39. Rxd6+ Kf7 40. gxf4 Rxh4 41. Rd5 Ke7 42. Rxc5 Rh3+ 43. Ke4 h4 44. Rxb5 Rh1 45. Rh5 Rb1 46. Rxh4 Rxb2 47. Rh7+ Kf6 48. Ra7 Rb3 49. Rxa4 Rxc3 50. Ra8 Rc1 51.
a4 Re1+ 52. Kd4 Kf5 53. a5 Kxf4 54. a6 Ra1 55. a7 Ra4+ 56. Kc5 Ra5+ 57. Kb4 Rf5 58.
Rb8 1-0

[Event "*** MasterClass Titled Tuesday Blitz"]
[Site "Chess.com"]
[Date "2017.12.12"]
[Round "3"]
[White "GM-2023"]
[Black "sandager"]
[Result "1-0"]
[WhiteElo "2054"]
[BlackElo "1972"]
[TimeControl "180+2"]
[EndTime "13:36:05 PST"]
[Termination "GM-2023 won by checkmate"]

1. e4 e5 2. Nf3 Nc6 3. Bb5 a6 4. Ba4 Nf6 5. O-O Be7 6. d3 b5 7. Bb3 O-O 8. a4 b4 9. Nbd2 d5 10. exd5 Nxd5 11. Nc4 Bf6 12. Re1 Re8 13. h3 Bf5 14. g4 Bc8 15. g5 Be7 16. Ncxe5 Nxe5 17. Rxe5 c6 18. h4 Bg4 19. Qe2 Qd7 20. Re4 Bd6 21.
Bd2 Rxe4 22. dxe4 Re8 23. Qd3 Ne7 24. Rd1 Ng6 25. Be3 Bxf3 26. Qxd6 Qxd6 27. Rxd6 Bxe4 28. Bd4 Nxh4 29. Be3 Nf3+ 30. Kf1 Nh2+ 31. Ke2 Ng4 32. Rd7 Ne5 33. Ra7 g6 34. f4 Ng4 35. Bxf7+ Kf8 36.
Bc5+ Kg7 37. Bxe8+ Kg8 38. Bf7+ Kh8 39. Bd4+ Nf6 40.
Bxf6# 1-0

[Event "*** MasterClass Titled Tuesday Blitz"]
[Site "Chess.com"]
[Date "2017.12.12"]
[Round "3"]
[White "marianokar"]
[Black "Alex_Banzea"]
[Result "0-1"]
[WhiteElo "2293"]
[BlackElo "2220"]
[TimeControl "180+2"]
[EndTime "13:36:18 PST"]
[Termination "Alex_Banzea won by resignation"]

1. d4 Nf6 2. Nf3 e6 3. g3 b6 4. Bg2 Bb7 5. O-O Be7 6. c4 O-O 7. Re1 Qc8 8. a3 c5 9. dxc5 Bxc5 10. b4 Be7 11. Nbd2 a6 12. Bb2 d6 13. Rc1 Nbd7 14.
e4 Re8 15. h3 Qc7 16. e5 dxe5 17. Nxe5 Bxg2 18. Kxg2 Rac8 19. Qf3 Bd6 20. Nxd7 Nxd7 21. Qc3 Be5 22. Rxe5 Nxe5 23. Qxe5 Qxe5 24. Bxe5 f6 25. Bc3 Red8 26. Kf3 Kf7 27. Ke2 e5 28. Bb2 Ke6 29. Nb3 Rd7 30. c5 b5 31. c6 Rdc7 32. Na5 Rd8 33. Rc5 Rd5 34. Rc2 g5 35. Bc1 e4 36.
Rd2 h6 37. Rxd5 Kxd5 38. Be3 Rc8 39. Bb6 f5 40. Ke3 Rf8 41. c7 f4+ 42. gxf4 gxf4+ 43. Ke2 Rc8 44. Nb3 Kc6 45. Ba5 Re8 46. Nc5 e3 47. fxe3 fxe3 48. Nxa6 Kb7 49. Nc5+ Kc6 50. Nd3 Kd5 51.
Nf4+ Ke4 52. Ne6 Rg8 53. Nc5+ Kf4 54. Nb7 Rg2+ 55. Kf1 Kf3 56. Bb6 e2+ 57. Ke1 Rh2 58. Kd2 Rh1 59. c8=Q e1=Q+ 60. Kc2 Qc1+ 0-1

[Event "*** MasterClass Titled Tuesday Blitz"]
[Site "Chess.com"]
[Date "2017.12.12"]
[Round "3"]
[White "gammagramma"]
[Black "Winehouse83"]
[Result "1-0"]
[WhiteElo "2461"]
[BlackElo "2427"]
[TimeControl "180+2"]
[EndTime "13:36:24 PST"]
[Termination "gammagramma won by resignation"]

1. d4 Nf6 2. Nf3 g6 3. Bf4 Bg7 4. e3 O-O 5. Be2 d6 6. O-O b6 7. h3 Bb7 8. a4 a6 9. a5 Nbd7 10.
axb6 cxb6 11. c3 Re8 12. Bh2 Qc7 13. Nbd2 Ne4 14. Nxe4 Bxe4 15. Nd2 Bb7 16. Qb3 Bf8 17. Rfc1 Rec8 18. Ra3 Qd8 19. Rca1 a5 20. Bc4 e6 21.
Bf1 d5 22. R3a2 Nf6 23. Bf4 Bd6 24. Bg5 Be7 25. Nf3 Nd7 26. Bxe7 Qxe7 27. Bb5 Bc6 28. Bxc6 Rxc6 29. Qb5 Rac8 30. g3 h5 31. Kg2 Qd6 32.
b4 axb4 33. cxb4 Rc4 34. Ra7 R8c7 35. Rxc7 Qxc7 36. Ra8+ Kg7 37. Qa4 Qc6 38. Qxc6 Rxc6 39. Ra7 Rd6 40. b5 Kf8 41. Rb7 f6 42. Ne1 Ke8 43.
Nd3 Kd8 44. Ra7 e5 45. Nb4 exd4 46. Nc6+ Kc8 47. exd4 Nb8 48. Ra8 Rxc6 49. bxc6 Kc7 50. Ra7+ Kxc6 51. Rg7 b5 52. Rxg6 b4 53. Rxf6+ Kb5 54.
Rf7 Nc6 55. g4 b3 56. Rb7+ Kc4 57. gxh5 Nxd4 58. h6 Nb5 59. h7 b2 60. Rxb5 Kxb5 61. h8=Q b1=Q 62. Qb8+ 1-0

[Event "*** MasterClass Titled Tuesday Blitz"]
[Site "Chess.com"]
[Date "2017.12.12"]
[Round "3"]
[White "1stSecond"]
[Black "HarutyunianTigranK"]
[Result "0-1"]
[WhiteElo "2484"]
[BlackElo "2616"]
[TimeControl "180+2"]
[EndTime "13:36:25 PST"]
[Termination "HarutyunianTigranK won by checkmate"]

1. d4 Nf6 2. c4 e6 3. Nf3 d5 4.
g3 Be7 5. Bg2 O-O 6. O-O Nbd7 7.
Bf4 c5 8. Nc3 dxc4 9. dxc5 Bxc5 10. Ne5 Nxe5 11. Bxe5 Ng4 12. Qxd8 Rxd8 13. Bc7 Rd7 14.
Ba5 Rb8 15. Ne4 Be7 16. Rad1 b6 17. Bc3 b5 18. h3 Nf6 19. Nxf6+ gxf6 20. Bc6 Rc7 21.
Bf3 b4 22. Bd2 Bb7 23. Bf4 e5 24. Bxb7 Rcxb7 25. Bh6 Rc7 26. Rc1 Bf8 27. Be3 a5 28. Rc2 c3 29. Rfc1 Rbc8 30. bxc3 Rxc3 31. Rxc3 bxc3 32.
Rc2 Ba3 33. f4 Bb2 34. Kf2 Rc4 35. f5 Kg7 36. Kf3 Ra4 37. Bb6 h5 38. Ke3 Rxa2 39. Kd3 Ra1 40. e4 a4 41. g4 h4 42. Rg2 a3 43. g5 Rd1+ 44. Kc4 fxg5 45. Rxg5+ Kf6 46. Rg8 c2 47. Bf2 c1=Q+ 48. Kb3 Qc3+ 49. Ka2 Qc4# 0-1

[Event "*** MasterClass Titled Tuesday Blitz"]
[Site "Chess.com"]
[Date "2017.12.12"]
[Round "3"]
[White "leopato"]
[Black "GeorgMeier"]
[Result "0-1"]
[WhiteElo "1799"]
[BlackElo "2781"]
[TimeControl "180+2"]
[EndTime "13:36:34 PST"]
[Termination "GeorgMeier won by resignation"]

1. e4 e6 2. d3 d5 3. Nd2 Nf6 4. Ngf3 Be7 5. g3 c5 6. Bg2 Nc6 7. O-O O-O 8. Re1 b5 9. c3 Qc7 10. h4 Bb7 11. e5 Nd7 12. Qe2 Rfc8 13. Nf1 a5 14. Bf4 Qd8 15. Ne3 a4 16. h5 h6 17. Ng4 Bf8 18. Qe3 Rab8 19. a3 Ra8 20. Nxh6+ gxh6 21. Bxh6 Bxh6 22. Qxh6 Qf8 23. Qf4 Qg7 24.
h6 Qg6 25. Nh4 Qh7 26. Bh3 Kh8 27. Nf5 Rf8 28. Nd6 Rab8 29. d4 Ne7 30. dxc5 Bc6 31. Rad1 Ng8 32. Rd4 Nxc5 33. Qg5 Qg6 34. Qxg6 fxg6 35.
Rf4 Rxf4 36. gxf4 Nxh6 37. Kf1 Rf8 38. Ke2 Rxf4 39. Rh1 Rh4 40. Bg2 Rxh1 41. Bxh1 Kg7 42. f4 Nf7 43. Nc8 Kf8 44. Kd2 Bd7 45. Na7 g5 46. Ke3 g4 47. Kd4 Ne4 48. Bxe4 dxe4 49. Kxe4 Nh6 50. Kd4 Nf5+ 51. Kc5 g3 52. Nxb5 Bxb5 53.
Kxb5 g2 54. Kxa4 g1=Q 55. b4 Ke7 56. Kb3 Kd7 57. a4 Kc6 58. b5+ Kc5 59. c4 Nd4+ 60.
Kc3 Qe3+ 61. Kb2 Qd2+ 62. Ka3 Qc3+ 63. Ka2 Qb3+ 0-1

[Event "*** MasterClass Titled Tuesday Blitz"]
[Site "Chess.com"]
[Date "2017.12.12"]
[Round "3"]
[White "r31415"]
[Black "filali-oujda"]
[Result "0-1"]
[WhiteElo "2197"]
[BlackElo "2354"]
[TimeControl "180+2"]
[EndTime "13:36:34 PST"]
[Termination "filali-oujda won on time"]

1. e4 c6 2. d4 d5 3. f3 dxe4 4.
fxe4 e6 5. Nc3 Nf6 6. e5 Nd5 7. Nf3 c5 8. Bb5+ Bd7 9. Qd3 Nb4 10. Qe2 cxd4 11. Nxd4 Bxb5 12. Ndxb5 a6 13. Na3 N8c6 14. Bf4 Bc5 15. Ne4 Qa5 16. Nc4 Qd8 17. Nxc5 Nd4 18.
Nd6+ Kf8 19. Qf2 Ndxc2+ 20. Ke2 Nxa1 21. Bd2 Qe7 22. Bxb4 Nc2 23. Nxf7 Qxf7 24. Nxe6+ Kg8 25. Qxf7+ Kxf7 26. Ng5+ Kg6 27. Bd2 Nd4+ 28. Ke1 Rhe8 29. Bf4 h6 30. Ne4 Kf5 31. Nd6+ Kxf4 32. Nxe8 Rxe8 33. Kd2 Rxe5 34. Rf1+ Ke4 35. Rf7 g6 36. Rxb7 Rb5 37. Re7+ Kd5 38. b3 Rb6 39. Rh7 Nf5 40. Rd7+ Nd6 41. Rg7 h5 42. Ke2 Nf5 43. Rd7+ Ke4 44. Rd8 Rc6 45. Re8+ Kf4 46. Kd2 h4 47. Re2 h3 48. gxh3 Kf3 49. Kd1 Rc1+ 0-1

[Event "*** MasterClass Titled Tuesday Blitz"]
[Site "Chess.com"]
[Date "2017.12.12"]
[Round "3"]
[White "chesstatour"]
[Black "FearNoEvil12"]
[Result "1/2-1/2"]
[WhiteElo "1994"]
[BlackElo "2046"]
[TimeControl "180+2"]
[EndTime "13:36:36 PST"]
[Termination "Game drawn by repetition"]

1. c4 Nf6 2. Nc3 g6 3. e4 Bg7 4. d4 O-O 5. f4 d6 6. Nf3 Nc6 7. d5 Nb8 8. Bd3 e6 9. dxe6 fxe6 10. O-O Nc6 11. Kh1 Bd7 12. Be3 Qe7 13. Rc1 Rae8 14.
Qe1 e5 15. f5 gxf5 16. Bg5 Qf7 17. Qh4 Qg6 18. exf5 Bxf5 19. Bxf5 Qxf5 20. Nd4 Qg6 21. Nf5 Ne7 22. Nxg7 Kxg7 23. Rf3 Nf5 24. Rxf5 Qxf5 25.
Bh6+ Kh8 26. Bxf8 Rxf8 27. h3 Nd7 28. Nd5 c6 29. Ne3 Qf4 30. Qe1 Nc5 31. Qd2 Ne4 32.
Qe1 Nf2+ 33. Kg1 Nxh3+ 34. gxh3 Rg8+ 35. Kh1 Qf3+ 36. Kh2 Qf4+ 37. Kh1 Rg3 38. Ng2 Rxh3+ 39. Kg1 Rg3 40. Rc2 Qd4+ 41. Rf2 h5 42. Kf1 h4 43. Qe2 h3 44. Qh5+ Kg8 45. Ne3 Qxe3 46. Qf7+ Kh8 47. Qh5+ Kg8 48. Qf7+ Kh8 49. Qh5+ Kg8 50. Qf7+ Kh8 51.
Qh5+ Kg8 52. Qe8+ Kh7 53. Qh5+ Kg8 1/2-1/2

[Event "*** MasterClass Titled Tuesday Blitz"]
[Site "Chess.com"]
[Date "2017.12.12"]
[Round "3"]
[White "Noukii"]
[Black "GMBenjaminBok"]
[Result "0-1"]
[WhiteElo "2604"]
[BlackElo "2602"]
[TimeControl "180+2"]
[EndTime "13:36:38 PST"]
[Termination "GMBenjaminBok won by resignation"]

1. d4 Nf6 2. c4 e6 3. Nf3 d5 4. g3 Bb4+ 5. Bd2 Be7 6. Bg2 O-O 7. O-O Nbd7 8. Qc2 c6 9. Rc1 Ne4 10. Be1 f5 11. Nc3 Bf6 12. a4 a5 13. Rab1 g5 14. e3 h5 15. b4 axb4 16. Rxb4 Qe7 17. Rbb1 h4 18. Nd2 hxg3 19. hxg3 Nd6 20. Qb3 Kg7 21. Qa3 f4 22. g4 Rh8 23. Ne2 Nf8 24. exf4 Ng6 25.
fxg5 Bxg5 26. Ng3 Nf4 27. c5 Nf7 28. Nf3 e5 29. dxe5 Bxg4 30. Bd2 Nxg2 31. Kxg2 Bxf3+ 32. Kxf3 Nxe5+ 33. Kg2 Qe6 34. Bxg5 Qh3+ 35. Kg1 Raf8 36. f4 Qh2+ 37. Kf1 Qh3+ 38. Ke1 Re8 39. Qc3 d4 40. Rxb7+ Kg6 41. Qc2+ d3 42. f5+ Kxg5 43. Qd2+ Kg4 44. Rg7+ Ng6+ 45. Kd1 Qh1+ 46. Nxh1 Rxh1+ 47. Qe1 Rexe1+ 48. Kd2 Rxc1 49. Rxg6+ Kxf5 50. Rxc6 Rhd1+ 51. Ke3 d2 52. Rd6 Rc3+ 53. Ke2 Rdc1 54. Kxd2 Rxc5 55. Rd3 R5c2+ 56.
Ke3 Rc3 0-1

[Event "*** MasterClass Titled Tuesday Blitz"]
[Site "Chess.com"]
[Date "2017.12.12"]
[Round "3"]
[White "Vahe_Dan"]
[Black "AkshatChandra"]
[Result "1/2-1/2"]
[WhiteElo "2551"]
[BlackElo "2728"]
[TimeControl "180+2"]
[EndTime "13:36:39 PST"]
[Termination "Game drawn - insufficient material"]

1. e4 e5 2. Nf3 Nc6 3. Bb5 Nf6 4. O-O Nxe4 5. d4 Nd6 6. Bxc6 dxc6 7. dxe5 Nf5 8.
Qxd8+ Kxd8 9. Nc3 Ke8 10. h3 h5 11. Bf4 Be7 12. Rad1 Be6 13. Ng5 Rh6 14. Nxe6 Rxe6 15. g4 hxg4 16. hxg4 Nh4 17. Bg3 Nf3+ 18. Kg2 Nxe5 19.
Bxe5 Rxe5 20. Rh1 Re6 21. Rh8+ Bf8 22. f4 Rh6 23. Rxh6 gxh6 24. Re1+ Kd7 25. Ne4 b6 26.
Kf3 Bg7 27. c3 c5 28. Ng3 Kc6 29. Nf5 Bf8 30. Rh1 Rd8 31. Nxh6 Rd7 32. g5 c4 33.
Ng4 Bd6 34. Nf6 Re7 35. Ne4 b5 36. a3 a5 37. Rh7 Kd5 38. Nf6+ Kc6 39. Ne4 Kd5 40.
Ng3 Bc5 41. Nf5 Re1 42. Rxf7 Rf1+ 43. Kg4 Rg1+ 44. Kh5 Ke4 45. Nh4 Be3 46. Rxc7 Bxf4 47. Rc5 Rxg5+ 48. Rxg5 Bxg5 49. Kxg5 Kd3 50. Kf5 Kc2 51. Nf3 Kxb2 52. Nd4 Kxc3 53. Nxb5+ Kb3 54. Ke4 Ka4 55. Nc3+ Kxa3 56. Nd5 Kb3 57. Kd4 a4 58. Nc3 a3 59. Ne2 Kb2 60. Nc3 Kb3 61. Ne2 Kb4 62. Nc3 Kb3 63. Ne2 c3 64. Nxc3 Kb2 65.
Kc4 a2 66. Nxa2 1/2-1/2

[Event "*** MasterClass Titled Tuesday Blitz"]
[Site "Chess.com"]
[Date "2017.12.12"]
[Round "3"]
[White "bugsbunny444"]
[Black "TheLancer"]
[Result "0-1"]
[WhiteElo "2442"]
[BlackElo "2468"]
[TimeControl "180+2"]
[EndTime "13:36:40 PST"]
[Termination "TheLancer won by resignation"]

1. Nf3 c5 2. c4 g6 3. d4 cxd4 4. Nxd4 Nf6 5. Nc3 Nc6 6. e4 d6 7. Be2 Bg7 8. Be3 Nxd4 9. Bxd4 O-O 10. O-O a5 11. b3 Bd7 12. e5 dxe5 13. Bxe5 Bc6 14.
Bf3 Qc8 15. Bxc6 bxc6 16. Qf3 Rd8 17. Na4 Qf5 18. Qxf5 gxf5 19. Rfd1 Ne4 20. Bxg7 Kxg7 21. f3 Nf6 22. Kf2 e6 23. Ke2 Nh5 24. g3 f4 25.
g4 Nf6 26. Nc5 h5 27. g5 Nh7 28. h4 Nf8 29. Rxd8 Rxd8 30. Rd1 Rc8 31. Kf2 Ng6 32. Rd7 Kg8 33. Nd3 e5 34. Ra7 Rd8 35. Ke2 Nxh4 36. Nxe5 Re8 37. Rxa5 Ng6 38. Kd3 Nxe5+ 39. Kc3 Nxf3 40.
Rf5 Re4 41. a4 c5 42. Rxc5 Re3+ 43. Kb4 Nd4 44. a5 Rxb3+ 45. Ka4 Rb1 46. Rd5 f3 47. Rxd4 f2 48. Rf4 f1=Q 49. Rxf1 Rxf1 50. a6 h4 51. c5 h3 52. c6 h2 53. c7 Rc1 54. a7 h1=Q 0-1

[Event "*** MasterClass Titled Tuesday Blitz"]
[Site "Chess.com"]
[Date "2017.12.12"]
[Round "3"]
[White "liquormark"]
[Black "nicegg"]
[Result "1/2-1/2"]
[WhiteElo "2008"]
[BlackElo "1978"]
[TimeControl "180+2"]
[EndTime "13:36:40 PST"]
[Termination "Game drawn - insufficient material"]

1. c4 e5 2. Nc3 d6 3. Nf3 c6 4. g3 f5 5. d3 Qf6 6. Bg2 h6 7. Rb1 g5 8. Qc2 Ne7 9. b4 Ng6 10. b5 g4 11. Nd2 h5 12. bxc6 bxc6 13.
Qa4 Bd7 14. Ba3 h4 15. Qb3 Qd8 16. Qb7 h3 17. Bf1 Be7 18. Qxa8 O-O 19. e4 Qa5 20.
Rxb8 Qxc3 21. Rxf8+ Nxf8 22. Qxa7 Qa1+ 23. Ke2 fxe4 24. dxe4 Qxa2 25. Bc5 Qc2 26. Be3 d5 27. cxd5 cxd5 28. Qb6 d4 29. Qb3+ Qxb3 30. Nxb3 dxe3 31. Kxe3 Bg5+ 32. Ke2 Ne6 33. Ke1 Ba4 34. Bc4 Kf7 35.
Nc5 Bb5 36. Bxe6+ Ke7 37. Bd5 Kd6 38. Nb3 Ba4 39. Nd2 Kc5 40. Nb1 Kd4 41. Ke2 Bb5+ 42. Kd1 Ba4+ 43. Ke1 Kd3 44. f3 gxf3 45. Kf2 Be3+ 46.
Kxf3 Bd4 47. Rd1+ Kc2 48. Rxd4 exd4 49. Na3+ Kb2 50. Nc4+ Kc3 51. Ne5 d3 52. Nxd3 Kxd3 53. e5 Kd4 54. e6 Kxd5 55. Kg4 Kxe6 56. Kxh3 Kf5 57. g4+ Kg5 58. Kg3 Bd7 59. h4+ Kg6 60. g5 Kh5 61. Kf4 Kxh4 62. g6 Be6 63. Ke5 Bb3 64.
Kf6 Kh5 65. g7 Kh6 66. g8=Q Bxg8 1/2-1/2

[Event "*** MasterClass Titled Tuesday Blitz"]
[Site "Chess.com"]
[Date "2017.12.12"]
[Round "3"]
[White "LuisFSiles"]
[Black "chess2matters"]
[Result "1/2-1/2"]
[WhiteElo "2231"]
[BlackElo "2321"]
[TimeControl "180+2"]
[EndTime "13:36:41 PST"]
[Termination "Game drawn by repetition"]

1. e4 e5 2. Nf3 Nc6 3. Bc4 Bc5 4. O-O Nf6 5. d4 Bxd4 6. Nxd4 Nxd4 7. Bg5 d6 8. f4 Qe7 9. Na3 Rg8 10. c3 Ne6 11. fxe5 dxe5 12. Be3 Bd7 13. Bd5 c6 14. Bb3 Nxe4 15.
Kh1 Qh4 16. Kg1 Rd8 17. Nc4 Bc8 18. Qe2 f6 19. Bxa7 N4c5 20. Bb6 Nxb3 21. axb3 Rd5 22. Ra8 Ke7 23. Ne3 g6 24. g3 Qe4 25. Nxd5+ Qxd5 26. c4 Qd6 27. Be3 Nd4 28. Qf2 c5 29. b4 b6 30. bxc5 bxc5 31. b4 Rf8 32. Ra7+ Bd7 33.
bxc5 Qxc5 34. Re1 Qxa7 35. Bxd4 Qa6 36. Bc5+ Kf7 37. Bxf8 Kxf8 38. Rxe5 Kf7 39. Re1 Qxc4 40. Qe3 Qe6 41. Qxe6+ Bxe6 42. Kf2 h5 43. Re3 Bg4 44. Ra3 Be6 45. Ra7+ Kf8 46. Ke3 Bg4 47. Kd4 Bh3 48. Kc5 Bg4 49. Kd6 Bh3 50. Ra8+ Kf7 51. Ra7+ Kf8 52.
Ra4 Bg4 53. Rf4 Kf7 54. Rb4 Bh3 55. Rb7+ Kf8 56. Ra7 Bg4 57. Kc5 Bh3 58. Kd4 Bg4 59.
Ke3 Be6 60. Kf2 Bh3 61. Kf3 Bg4+ 62. Kg2 Be6 63. h3 Bd5+ 64. Kf2 Be6 65. h4 Bg4 66.
Ke3 Bh3 67. Kf4 Bg4 68. Ra6 Kf7 69. Ra7+ Kf8 70. Ra8+ Kf7 71. Ra7+ Kf8 72. Ra8+ Kf7 73. Ra7+ Kf8 74. Ra8+ 1/2-1/2

[Event "*** MasterClass Titled Tuesday Blitz"]
[Site "Chess.com"]
[Date "2017.12.12"]
[Round "3"]
[White "Kawhi_Leonard2"]
[Black "ohusbands"]
[Result "1-0"]
[WhiteElo "2262"]
[BlackElo "2349"]
[TimeControl "180+2"]
[EndTime "13:36:45 PST"]
[Termination "Kawhi_Leonard2 won by resignation"]

1. e4 c5 2. Nf3 d6 3. d4 cxd4 4. Nxd4 Nf6 5. Nc3 a6 6. h3 e5 7. Nde2 h5 8. Bg5 Be6 9. Nd5 Nbd7 10. Nec3 b5 11. Nxf6+ gxf6 12. Be3 f5 13. exf5 Bxf5 14. Bd3 Be6 15. Be4 Rc8 16. a4 b4 17. Nd5 Bxd5 18. Bxd5 Nf6 19. Bg5 Be7 20. Bxf6 Bxf6 21. O-O Qb6 22. Qf3 Ke7 23. c4 h4 24. a5 Qa7 25.
Ra4 Rb8 26. b3 Rhg8 27. Re1 Rg6 28. Re4 Rbg8 29. Rg4 Rxg4 30. hxg4 Qc5 31. Qf5 Rg5 32. Qh7 Rg7 33. Qh5 e4 34. Bxe4 Qxh5 35. gxh5 Bc3 36. Ra2 Rg5 37. Bf3 Bd4 38. Kf1 Kd7 39. Bb7 Rxh5 40.
Bxa6 Kc7 41. Bb5 h3 42. gxh3 Rxh3 43. a6 Ba7 44. Rb2 Kb6 45. Kg2 Rc3 46. Re2 Rxb3 47. Re7 Ra3 48. Rb7+ Kc5 49. Rxa7 b3 50. Rb7 b2 51. Be8 Rxa6 52. Rxb2 Ra7 53. Bb5 Rb7 54. Rd2 Rb6 55. Rd5+ Kb4 56. Kf3 Kc3 57. Ke4 Rb7 58. Rxd6 Re7+ 59. Kf3 Re5 60. Rf6 1-0